 Dungeon Crawl Stone Soup version 0.29.1-1-gd02db6906a (webtiles) character file.

Game seed: 6902182504132116867

749 raistware the Conjurer (level 7, 0/43 HPs)
             Began as an Octopode Conjurer on Sept 28, 2022.
             Slain by Edmund
             ... wielding a +0 flail of distortion
              (5 damage)
             ... on level 4 of the Dungeon.
             The game lasted 00:14:13 (5992 turns).

raistware the Conjurer (Octopode Conjurer)          Turns: 5992, Time: 00:14:13

Health: 0/43       AC:  1    Str:  6    XL:     7   Next: 78%
Magic:  0/13       EV: 13    Int: 23    God:
Gold:   123        SH:  0    Dex: 10    Spells: 9/14 levels left

rFire   + . .      SeeInvis .   s - staff of fire
rCold   . . .      Faith    .   (no shield)
rNeg    . . .      Spirit   .   (helmet restricted)
rPois   .          Reflect  .   (no amulet)
rElec   .          Harm     .   (no ring)
rCorr   .          Rampage  .   (no ring)
Will    .....                   (no ring)
Stlth   +++.......              (no ring)
HPRegen 0.14/turn               (no ring)
MPRegen 0.13/turn               (no ring)
                                (no ring)
                                (no ring)

@: no status effects
A: almost no armour, amphibious, 8 rings, camouflage 1, gelatinous body 1,
(nimble swimmer 1), tentacles
a: no special abilities


You were on level 4 of the Dungeon.
You visited 1 branch of the dungeon, and saw 4 of its levels.
You also visited: Ossuary.

You collected 148 gold pieces.
You spent 25 gold pieces at shops.

Inventory:

Missiles
 p - 12 poisoned darts
Magical Staves
 s - a staff of fire (weapon)
Jewellery
 o - a ring of ice
Wands
 u - a wand of iceblast (1)
Scrolls
 a - a scroll of summoning {unknown}
 b - 2 scrolls of vulnerability
 f - 6 scrolls of teleportation
 i - 4 scrolls of immolation
 n - a scroll of magic mapping
 q - a scroll of enchant armour {unknown}
 r - a scroll of fear {unknown}
 t - a scroll of enchant weapon {unknown}
 v - a scroll of blinking {unknown}
Potions
 c - a potion of lignification {unknown}
 d - a potion of resistance {unknown}
 e - 4 potions of cancellation
 g - a potion of flight {unknown}
 h - a potion of haste
 j - 11 potions of curing
 k - 3 potions of heal wounds {unknown}
 l - a potion of mutation {unknown}
 m - 3 potions of might {unknown}


   Skills:
 - Level 1.0 Fighting
 - Level 1.0 Staves
 - Level 3.0 Dodging
 - Level 2.6 Stealth
 - Level 4.0 Spellcasting
 + Level 6.6 Conjurations
 - Level 4.0 Translocations


You had 9 spell levels left.
You knew the following spells:

 Your Spells              Type           Power      Damage    Failure   Level
a - Magic Dart            Conj           100%       1d8       1%          1
b - Iskenderun's Mystic   Conj/Tloc      29%        2d7       12%         4

Your spell library contained the following spells:

 Spells                   Type           Power      Damage    Failure   Level
 Searing Ray              Conj           70%        2d7       1%          2
 Dazzling Flash           Conj/Hex       38%        N/A       9%          3
 Portal Projectile        Hex/Tloc       26%        N/A       14%         3
 Fulminant Prism          Conj/Hex       9%         3d7       26%         4
 Tukima's Dance           Hex            4%         N/A       30%         3
 Blade Hands              Tmut           2%         N/A       96%         5
 Starburst                Conj/Fire      14%        6d6       99%         6


Dungeon Overview and Level Annotations

Branches:
Dungeon (4/15)            Ossuary (visited)
 Temple: D:4-7

Altars:
Ashenzari
Gozag
Hepliaklqana
Wu Jian

Shops:
D:2 *

Annotations:
D:4 Edmund


Innate Abilities, Weirdness & Mutations

You cannot wear most types of armour.
You are amphibious.
You can wear up to eight rings at the same time.
Your skin changes colour to match your surroundings (Stealth+).
Your rubbery body absorbs attacks. (AC +1, EV +1)
((You are camouflaged when in or above water. (Stealth+)))
You have tentacles for arms and can constrict up to eight enemies at once.


Message History

Aim: Edmund, wielding a +0 flail of distortion and wearing a +0 scale mail (lightly wounded, fast)
The mass of ice explodes!
The iceblast engulfs Edmund.
Edmund is lightly wounded.
Unknown command.
Edmund attacks as you move away!
Edmund hits you with a +0 flail of distortion!
Space warps around you. Edmund barely misses you.
Edmund attacks as you move away!
Edmund hits you with a +0 flail of distortion!
Space warps horribly around you!
* * * LOW HITPOINT WARNING * * *
Casting: Magic Dart (safe; 1% risk of failure)
Confirm with . or Enter, or press ? or * to list all spells.
The spell is quite dangerous to miscast (12% risk of failure)!
Continue anyway?
You erupt in a blast of force!
The mystic blast hits Edmund.
Edmund is moderately wounded.
Edmund is knocked back by the mystic blast.
Casting: Iskenderun's Mystic Blast (quite dangerous; 12% risk of failure)
Confirm with . or Enter, or press ? or * to list all spells.
The spell is quite dangerous to miscast (12% risk of failure)!
Continue anyway?
You erupt in a blast of force!
The mystic blast hits Edmund!
Edmund is heavily wounded.
Edmund is knocked back by the mystic blast.
Edmund slams into the rock wall!
Casting: Iskenderun's Mystic Blast (quite dangerous; 12% risk of failure)
Confirm with . or Enter, or press ? or * to list all spells.
The spell is quite dangerous to miscast (12% risk of failure)!
Continue anyway?
You erupt in a blast of force!
The mystic blast hits Edmund.
Edmund is heavily wounded.
Edmund is knocked back by the mystic blast.
Edmund slams into the rock wall!
Edmund is severely wounded.
Aiming: Iceblast
Press: ? - help, Shift-Dir - straight line, p - Edmund
Okay, then.
Edmund attacks as you move away!
Edmund hits you with a +0 flail of distortion.
* * * LOW HITPOINT WARNING * * *
Space warps around you.
You die...

,,..@.#.@.r......# ##.## ##
>..,**########..## ##..# ##.
,,.#* #..# ##..## ##.. ,,@.####
##†# ##..## ##..# ,,.....##* #.#
##..## ##..## *#.......#*
#.####..## #..## #.#..###.##
#..##...# ####..# #.#...#*#.##
##@...#.###....####
#.#.#..###.####@..##............
#...##..###.......##.###.....###
#.#.###..##.....#..#.#####_#####
#.#.'.##..##.#####...###.....###
#...###.#...## ##.............
##..##..##..## ##......#######
#..#...###..## ##..###...#
#......'.##..###..## #...#
#..#...###...##..## #...#


You could see Edmund (fast).

Vanquished Creatures
  A wyvern (D:4)
  An ogre (D:4)
  3 elf zombies (Ossuary)
  A centaur zombie (Ossuary)
  A hound (D:3)
  A human zombie (Ossuary)
  An iguana (D:4)
  3 mummies
  Robin (D:2)
  2 adders
  2 adder zombies (Ossuary)
  A worm (D:3)
  A dart slug (D:1)
  4 orcs (D:3)
  4 ball pythons
  3 bats (D:2)
  2 endoplasms (D:2)
  8 giant cockroaches
  17 goblins
  9 hobgoblins
  6 jackals
  8 kobolds
  2 quokkas (D:4)
  2 frilled lizards
  11 hobgoblin zombies
  2 jackal zombies (Ossuary)
  8 kobold zombies
  10 orc zombies (Ossuary)
  12 rats
  A rat zombie (Ossuary)
128 creatures vanquished.

Notes
Turn   | Place    | Note
-------+----------+-------------------------------------------
     0 | D:1      | raistware the Octopode Conjurer began the quest for the
                  | Orb.
     0 | D:1      | Reached XP level 1. HP: 11/11 MP: 3/3
   165 | D:1      | Found a faded altar of an unknown god.
   215 | D:1      | Reached XP level 2. HP: 17/17 MP: 1/5
   997 | D:1      | Reached XP level 3. HP: 21/21 MP: 4/7
  1182 | D:2      | Identified the +1 robe "Osite" {rElec rC- rCorr SInv}
  1195 | D:2      | Noticed Robin
  1534 | D:2      | Found Emnonwoc's Assorted Antiques.
  1582 | D:2      | Bought a fuming golden potion for 25 gold pieces
  1980 | D:2      | Killed Robin
  1981 | D:2      | Reached XP level 4. HP: 27/27 MP: 10/10
  1986 | D:2      | Learned a level 4 spell: Iskenderun's Mystic Blast
  2261 | D:3      | Reached skill level 1 in Translocations
  2315 | D:3      | Found an ornate altar of the Wu Jian Council.
  2390 | D:3      | Found a hazy altar of Hepliaklqana.
  2752 | D:3      | Reached XP level 5. HP: 15/31 MP: 4/11
  3604 | D:4      | Noticed an ogre
  3614 | D:4      | Killed an ogre
  3615 | D:4      | Reached XP level 6. HP: 36/36 MP: 4/12
  3632 | D:4      | Noticed a wyvern
  3696 | D:4      | Found a broken altar of Ashenzari.
  3737 | D:4      | Found a sand-covered staircase.
  3750 | Ossuary  | Entered an ossuary
  4585 | Ossuary  | Reached skill level 1 in Fighting
  4585 | Ossuary  | Reached skill level 5 in Conjurations
  4713 | Ossuary  | Reached skill level 1 in Staves
  4713 | Ossuary  | Reached XP level 7. HP: 19/43 MP: 9/13
  5164 | D:4      | Noticed Edmund
  5303 | D:4      | Found an opulent altar of Gozag.
  5649 | D:4      | Killed a wyvern
  5650 | D:4      | Reached skill level 6 in Conjurations
  5992 | D:4      | Slain by Edmund

Illustrated notes

Levels and vault maps discovered:
D:1:      moated_graveyard_arrival, layout_basic, basic_ecumenical_altar,
          st_stairs_14, minmay_strange_pillars, minmay_crystal_room
D:2:      layout_basic, serial_shops, shop, uniq_robin
D:3:      minmay_roachtagon, layout_basic, mainiacjoe_overflow_catwalk_spiral,
          nrook_mini_backslash, grunt_decor_cap
D:4:      layout_layer_cave, cheibrodos_ashenzari_chains,
          grunt_gozag_breadcrumbs, nicolae_ossuary_entry_giza, uniq_edmund

Skill      XL: |  1  2  3  4  5  6  7 |
---------------+----------------------+-----
Spellcasting   | 3 4 |  4.0
Translocations | 2 3 4 |  4.0
Fighting       | 1 |  1.0
Conjurations   | 5 6 |  6.6
Staves         | 1 |  1.0
Dodging        | 3 |  3.0
Stealth        | |  2.6

Action                   |  1- 3 |  4- 6 |  7- 9 || total
-------------------------+-------+-------+-------++-------
Melee: Unarmed           |     8 |       |       ||     8
       Constrict         |     7 |    20 |     5 ||    32
       Tentacles         |     5 |    21 |     8 ||    34
       Dagger            |    13 |     3 |       ||    16
       Staff             |       |    58 |    24 ||    82
       Punch             |       |     1 |     2 ||     3
Throw: Dart              |     1 |       |       ||     1
 Cast: Magic Dart        |    61 |   139 |    19 ||   219
       Iskenderun's Myst |       |     4 |     6 ||    10
Evoke: Wand              |       |    21 |     6 ||    27
  Use: Scroll            |       |     7 |       ||     7
       Potion            |       |     1 |       ||     1
 Stab: Sleeping          |       |     2 |     1 ||     3
Armor: Skin              |     4 |     8 |     2 ||    14
Dodge: Dodged            |    21 |    45 |    15 ||    81
